 Dungeon Crawl Stone Soup version 0.29.0-4-gdea44cf6ec (webtiles) character file.

Game seed: 12571231458609930400

90 qw the Chopper (level 4, -1/26 HPs)
             Began as a Tengu Warper on Aug 28, 2022.
             Killed from afar by Sigmund (6 damage)
             ... with a puff of flame
             ... on level 2 of the Dungeon.
             The game lasted 00:00:13 (2143 turns).

qw the Chopper (Tengu Warper)                       Turns: 2143, Time: 00:00:13

Health: -1/26      AC:  6    Str: 13    XL:     4   Next: 56%
Magic:  8/8        EV:  9    Int: 14    God:
Gold:   93         SH:  0    Dex: 13    Spells: 7/7 levels left

rFire   . . .      SeeInvis .   Y - +0 hand axe
rCold   . . .      Faith    .   (no shield)
rNeg    . . .      Spirit   .   e - +0 scale mail
rPois   .          Reflect  .   (helmet restricted)
rElec   .          Harm     .   (no cloak)
rCorr   .          Rampage  .   (no gloves)
Will    .....                   (boots unavailable)
Stlth   ..........              (no amulet)
HPRegen 0.08/turn               (no ring)
MPRegen 0.11/turn               (no ring)

@: no status effects
A: beak, talons 3
a: no special abilities


You were on level 2 of the Dungeon.
You visited 1 branch of the dungeon, and saw 2 of its levels.

You collected 116 gold pieces.
You spent 23 gold pieces at shops.


Innate Abilities, Weirdness & Mutations

You have a beak for a mouth.
You have claws for feet.


   Skills:
 - Level 2.0 Fighting
 + Level 5.1 Axes
 - Level 1.0 Throwing
 - Level 1.1 Armour
 - Level 2.1 Dodging
 - Level 2.0 Spellcasting
 - Level 2.4 Translocations


You had 7 spell levels left.
You didn't know any spells.
Your spell library contained the following spells:

 Spells                   Type           Power      Damage    Failure   Level
 Blink                    Tloc           16%        N/A       54%         2
 Gell's Gravitas          Tloc           8%         N/A       78%         3
 Lesser Beckoning         Tloc           8%         N/A       78%         3
 Teleport Other           Tloc           8%         N/A       78%         3
 Manifold Assault         Tloc           8%         N/A       100%        5

Inventory:

Hand Weapons
 h - a +0 club
 Y - a +0 hand axe (weapon)
Armour
 e - a +0 scale mail (worn)
Jewellery
 b - a ring of resist corrosion
 f - a ring of positive energy
Scrolls
 c - 2 scrolls of identify
 k - a scroll of noise {unknown}
Potions
 a - a potion of heal wounds {unknown}
 d - a potion of magic {unknown}
 g - 2 potions of curing {unknown}
 i - a potion of might
 j - 3 potions of resistance {unknown}

Dungeon Overview and Level Annotations

Branches:
Dungeon (2/15)

Altars:

Shops:
D:1 *

Annotations:
D:2 Sigmund


Message History

The hobgoblin closely misses you.
You hit the hobgoblin.
You kill the hobgoblin!
You start resting.
HP restored.
Found a stone staircase leading up.
Enter note:
Enter note:
Enter note: Sigmund the Dreaded comes into view.
He is wielding a +0 scythe.
Sigmund shouts!
Sigmund casts a spell.
Sigmund flickers and vanishes!
Deactivating autopickup; reactivate with Ctrl-A.
You swing at nothing.
Something tries to affect you, but you resist.
You swing at nothing.
You swing at nothing.
You swing at nothing.
Something hits you.
You swing at nothing.
Something hits you!
You swing at nothing.
You swing at nothing.
Something hits you.
You swing at nothing.
Something hits you.
You swing at nothing.
Something hits you.
You swing at nothing.
You swing at nothing.
Something hits you but does no damage.
You swing at nothing.
Something hits you.
You swing at nothing.
You swing at nothing.
You hear some strange, mumbled words.
A puff of flame appears from out of thin air!
The puff of flame hits you.
You die...

########## .........#
########.# #.# #########
#.# #..{..... #.# #@#
#.# #.# #.# #.#
########.#######.#######
........................
########.#..............
#.##%####.###.###
########.........# ..
......#####.###### ##


There were no monsters in sight!

Vanquished Creatures
  Jessica (D:2)
  An adder (D:2)
  A dart slug (D:2)
  5 bats
  4 endoplasms (D:1)
  3 giant cockroaches
  8 goblins
  9 hobgoblins
  4 kobolds
  2 quokkas (D:2)
  2 ball pythons (D:1)
  3 frilled lizards
  4 rats
47 creatures vanquished.

Vanquished Creatures (others)
  8 plants (D:1)
8 creatures vanquished.

Grand Total: 55 creatures vanquished

Notes
Turn   | Place    | Note
-------+----------+-------------------------------------------
     0 | D:1      | qw the Tengu Warper began the quest for the Orb.
     0 | D:1      | Reached XP level 1. HP: 12/12 MP: 4/4
     0 | D:1      | 0 ||| qw: Version: 0.1-a-89-g26bdef1
     0 | D:1      | 0 ||| qw: Game counter: 1341
     0 | D:1      | 0 ||| qw: Always use a shield: true
     0 | D:1      | 0 ||| qw: God list: Okawaru
     0 | D:1      | 0 ||| qw: Allow faded altars: false
     0 | D:1      | 0 ||| qw: Do Orc after D:15 true
     0 | D:1      | 0 ||| qw: Do second Lair branch before Depths: true
     0 | D:1      | 0 ||| qw: Lair rune preference: random
     0 | D:1      | 0 ||| qw: Plans: Normal
     0 | D:1      | 0 ||| PLANNING D:1-11
   185 | D:1      | 185 ||| Stepping ~*~*~tactically~*~*~ (stealth).
   188 | D:1      | Reached skill level 3 in Axes
   188 | D:1      | Reached XP level 2. HP: 12/17 MP: 6/6
   337 | D:1      | Found Posemodd's Assorted Antiques.
   358 | D:1      | 358 ||| BUYING fuming cyan potion (23 gold).
   358 | D:1      | Bought a fuming cyan potion for 23 gold pieces
   358 | D:1      | 358 ||| SHOPLISTING grey potion (23 gold, have 10).
   358 | D:1      | 358 ||| SHOPLISTING mace (78 gold, have 10).
   358 | D:1      | 358 ||| SHOPLISTING pair of runed gloves (195 gold, have
                  | 10).
   358 | D:1      | 358 ||| SHOPLISTING runed hand axe (156 gold, have 10).
   358 | D:1      | 358 ||| SHOPLISTING scroll labelled CESIES KANT (26 gold,
                  | have 10).
   358 | D:1      | 358 ||| SHOPLISTING scroll labelled JAIGUDW MERAVEMOBB (26
                  | gold, have 10).
   358 | D:1      | 358 ||| SHOPLISTING scroll labelled YQEWUWNUEF (26 gold,
                  | have 10).
   574 | D:1      | Found a faded altar of an unknown god.
   710 | D:1      | Reached XP level 3. HP: 9/21 MP: 7/7
   724 | D:1      | 724 ||| Stepping ~*~*~tactically~*~*~ (stealth).
   725 | D:1      | 725 ||| Stepping ~*~*~tactically~*~*~ (stealth).
   737 | D:1      | 737 ||| Stepping ~*~*~tactically~*~*~ (stealth).
   738 | D:1      | 738 ||| Stepping ~*~*~tactically~*~*~ (stealth).
   739 | D:1      | 739 ||| Stepping ~*~*~tactically~*~*~ (stealth).
   742 | D:1      | 742 ||| Stepping ~*~*~tactically~*~*~ (stealth).
   864 | D:1      | 864 ||| Stepping ~*~*~tactically~*~*~ (stealth).
   867 | D:1      | 867 ||| Stepping ~*~*~tactically~*~*~ (stealth).
   977 | D:1      | Reached skill level 4 in Axes
  1193 | D:1      | 1193 ||| Stepping ~*~*~tactically~*~*~ (stealth).
  1301 | D:1      | 1301 ||| UPGRADING to +0 scale mail.
  1311 | D:1      | 1311 ||| DROPPING +0 leather armour.
  1312 | D:1      | 1312 ||| READING scroll labelled CESIES KANT.
  1313 | D:1      | 1313 ||| READING scroll labelled YQEWUWNUEF.
  1317 | D:1      | 1317 ||| DRINKING 2 purple potions.
  1318 | D:1      | 1318 ||| DROPPING scroll of blinking.
  1330 | D:2      | 1330 ||| STAIRDANCE
  1643 | D:2      | Noticed Jessica
  1644 | D:2      | 1644 ||| Stepping ~*~*~tactically~*~*~ (hiding).
  1650 | D:2      | Killed Jessica
  1651 | D:2      | Reached XP level 4. HP: 18/26 MP: 8/8
  1839 | D:2      | Reached skill level 5 in Axes
  1893 | D:2      | 1893 ||| Stepping ~*~*~tactically~*~*~ (stealth).
  1972 | D:2      | 1972 ||| Stepping ~*~*~tactically~*~*~ (hiding).
  2129 | D:2      | Noticed Sigmund
  2137 | D:2      | HP: 6/26 [something (2)]
  2143 | D:2      | Killed from afar by Sigmund

Levels and vault maps discovered:
D:1:      dpeg_arrival_pits, layout_loops_ring, serial_shops,
          nicolae_shop_statue_plus, hellmonk_ecumenical_altar_prayer_group,
          chequers_big_river
D:2:      layout_basic, kennysheep_generic_room_3, uniq_sigmund, uniq_jessica

Skill      XL: |  1  2  3  4 |
---------------+-------------+-----
Axes           | 3 4 5 |  5.1
Fighting       | |  2.0
Throwing       | |  1.0
Armour         | |  1.1
Dodging        | |  2.1
Spellcasting   | |  2.0
Translocations | |  2.4

Action                   |  1- 3 |  4- 6 || total
-------------------------+-------+-------++-------
Melee: Hand axe          |    73 |    18 ||    91
       Peck              |     7 |     4 ||    11
       Kick              |    13 |     2 ||    15
       Punch             |     1 |       ||     1
Throw: Boomerang         |     7 |       ||     7
  Use: Scroll            |     2 |       ||     2
       Potion            |     1 |       ||     1
Armor: Leather armour    |    15 |       ||    15
       Scale mail        |     5 |     3 ||     8
Dodge: Dodged            |    21 |    10 ||    31

Table legend:
 A = Non-vault XP
 B = Vault XP
 C = Vault XP percentage of total XP
 D = Non-vault monster count
 E = Vault monster count
 F = Vault count percentage of total count
                 A         B        C        D         E       F
            +---------+---------+-------+---------+---------+-------
      Total |      73 |      56 |  43.4 |      42 |       5 |  10.6
            +---------+---------+-------+---------+---------+-------
        D:1 |      51 |       4 |   7.3 |      30 |       2 |   6.2
        D:2 |      22 |      52 |  70.3 |      12 |       3 |  20.0
            +---------+---------+-------+---------+---------+-------
